 Dungeon Crawl Stone Soup version 0.25-a0-277-g7046ed1b37 (webtiles) character file.

Game seed: 14695839440989755490, levelgen mode: deterministic

578006 Jannitor the Impassioned (level 26, -5/207 HPs)
             Began as a Demonspawn Skald on Nov 28, 2019.
             Was a High Priest of Uskayaw.
             Slain by a death scarab (18 damage)
             ... on level 2 of the Tomb of the Ancients on Dec 9, 2019.
             The game lasted 02:08:56 (52131 turns).

Jannitor the Impassioned (Demonspawn Skald)        Turns: 52131, Time: 02:08:57

Health: -5/207     AC: 33    Str: 27    XL:     26   Next: 32%
Magic:  35/42      EV: 16    Int: 32    God:    Uskayaw [*****.]
Gold:   4877       SH:  0    Dex: 18    Spells: 15/47 levels left

rFire    + . .     SeeInvis +   a - +7 great mace "Undeadhunter" {disrupt, rN+}
rCold    . . .     Gourm    .   (shield currently unavailable)
rNeg     + + +     Faith    .   E - +4 shadow dragon scales
rPois    +         Spirit   .   (helmet unavailable)
rElec    +         Reflect  .   N - +2 cloak
rCorr    .         Harm     .   J - +0 pair of gloves of Quxagu Baub {Str+3 Int+4 Dex+4} (curse)
MR       +++..                  O - +0 pair of boots
Stlth    +++++.....             x - amulet "Eckerrim" {rElec Regen+ Str+3 Int+4}
HPRegen  9.84/turn              j - ring of the Mage {Wiz MR++ Int+3}
MPRegen  0.28/turn              y - ring "Zeit" {rElec rPois rN+}

@: mighty, silence, hasted and slowed, deflect missiles
A: antennae 3, talons 1, iridescent scales 3, fire resistance 1, high mp 1,
negative energy resistance 1, poison resistance, powered by death 3, 50% torment
resistance, evolution 1, black mark, flame cloud immunity
}: 2/15 runes: serpentine, silver
a: Renounce Religion


You were on level 2 of the Tomb of the Ancients.
You worshipped Uskayaw.
Uskayaw was most pleased with you.
You were not hungry.

You visited 10 branches of the dungeon, and saw 44 of its levels.
You visited the Abyss 1 time.
You also visited: Trove.

You collected 7901 gold pieces.
You spent 3024 gold pieces at shops.

Inventory:

Hand Weapons
 a - the +7 great mace "Undeadhunter" (weapon) {disrupt, rN+}
   (You found it on level 3 of the Crypt)

   It protects you from negative energy.
 D - a +9 antimagic broad axe
Missiles
 W - 7 curare-tipped darts (quivered)
Armour
 n - the +3 shield of Relativism {MR+}
   (You found it on level 14 of the Dungeon)

   It affects your resistance to hostile enchantments.
 E - +4 shadow dragon scales (worn)
 J - the cursed +0 pair of gloves of Quxagu Baub (worn) {Str+3 Int+4 Dex+4}
   (You found it on level 5 of the Vaults)

   It affects your strength (+3).
   It affects your intelligence (+4).
   It affects your dexterity (+4).
   It has a curse placed upon it.
 N - a +2 cloak (worn)
 O - a +0 pair of boots (worn)
Jewellery
 j - the ring of the Mage (left hand) {Wiz MR++ Int+3}
   (You took it off a deep elf sorcerer on level 3 of the Elven Halls)

   [ring of wizardry]

   It improves your spell success rate.
   It affects your intelligence (+3).
   It affects your resistance to hostile enchantments.
 x - the amulet "Eckerrim" (around neck) {rElec Regen+ Str+3 Int+4}
   (You took it off a fire giant on level 5 of the Vaults)

   [amulet of regeneration]

   It affects your strength (+3).
   It affects your intelligence (+4).
   It insulates you from electricity.
   It increases your rate of regeneration.
 y - the ring "Zeit" (right hand) {rElec rPois rN+}
   (You found it on level 3 of the Depths)

   [ring of positive energy]

   It insulates you from electricity.
   It protects you from poison.
   It protects you from negative energy.
 A - the ring of Seinud {rF+ MP+9 Int+4 SInv}
   (You found it on level 3 of the Depths)

   [ring of magical power]

   It affects your intelligence (+4).
   It protects you from fire.
   It affects your magic capacity (+9).
   It lets you see invisible.
 V - the amulet of Surprise {rElec rPois rC+ Regen+}
   (You found it in a treasure trove)

   [amulet of regeneration]

   It protects you from cold.
   It insulates you from electricity.
   It protects you from poison.
   It increases your rate of regeneration.
 X - a +5 ring of evasion
Wands
 b - a wand of scattershot (4)
 l - a wand of polymorph (16)
 o - a wand of iceblast (27)
 w - a wand of paralysis (7)
 C - a wand of acid (17)
 L - a wand of disintegration (15)
 R - a wand of enslavement (8)
 S - a wand of digging (20)
 Z - a wand of clouds (1)
Scrolls
 c - 15 scrolls of magic mapping
 e - 7 scrolls of fear
 i - 11 scrolls of immolation
 s - 5 scrolls of amnesia
 t - 15 scrolls of identify
 v - 23 scrolls of remove curse
 z - 10 scrolls of teleportation
 F - 7 scrolls of fog
 K - 5 scrolls of blinking
 T - 4 scrolls of summoning
Potions
 f - a potion of flight
 h - 3 potions of might
 k - 3 potions of berserk rage
 m - 5 potions of haste
 p - 2 potions of resistance
 q - 3 potions of agility
 r - 9 potions of lignification
 B - 16 potions of curing
 G - 6 potions of brilliance
 H - 2 potions of invisibility
 I - 7 potions of ambrosia
 P - 5 potions of magic
 U - 6 potions of cancellation
 Y - 9 potions of mutation
Miscellaneous
 u - 2 sacks of spiders
 Q - 3 boxes of beasts
Comestibles
 d - 64 rations


   Skills:
 - Level 16.9 Fighting
 - Level 18.4(19.7) Axes
 + Level 12.7(16.9) Maces & Flails
   Level 4.1(13.0) Polearms
   Level 3.6 Slings
 - Level 15.0 Armour
 - Level 10.5 Dodging
 - Level 10.4 Stealth
 - Level 15.0 Shields
 - Level 11.2 Spellcasting
 - Level 12.0 Hexes
 - Level 8.9 Charms
 - Level 7.2 Summonings
 - Level 9.3 Translocations
 - Level 8.3 Air Magic
 - Level 18.6 Invocations


You had 15 spell levels left.
You knew the following spells:

 Your Spells              Type           Power        Failure   Level  Hunger
a - Infusion              Chrm           ####         1%          1    None
b - Shroud of Golubria    Chrm/Tloc      ######       1%          2    None
c - Apportation           Tloc           ######       1%          1    None
d - Regeneration          Chrm/Necr      #####.....   1%          3    None
e - Silence               Hex/Air        ######....   1%          5    ##.....
f - Deflect Missiles      Chrm/Air       ######....   17%         6    ####...
g - Lesser Beckoning      Tloc           ######....   1%          3    None
h - Darkness              Hex            #######...   4%          6    ####...
i - Summon Mana Viper     Hex/Summ       ######..     2%          5    ##.....

Your spell library contained the following spells:

 Spells                   Type           Power        Failure   Level  Hunger
 Confusing Touch          Hex            ######       1%          1    None
 Corona                   Hex            #######      1%          1    None
 Shock                    Conj/Air       ####         1%          1    None
 Summon Butterflies       Summ           ######..     1%          1    None
 Summon Small Mammal      Summ           ####         1%          1    None
 Corpse Rot               Necr/Air       N/A          1%          2    None
 Ensorcelled Hibernation  Hex/Ice        ######       1%          2    None
 Poisonous Vapours        Pois/Air       #####.       1%          2    None
 Song of Slaying          Chrm           ######..     1%          2    None
 Swiftness                Chrm/Air       ######..     1%          2    None
 Call Canine Familiar     Summ           ######..     1%          3    None
 Confuse                  Hex            #######.     1%          3    None
 Dazzling Flash           Conj/Hex       ######       1%          3    None
 Inner Flame              Hex/Fire       ######..     1%          3    None
 Ozocubu's Armour         Chrm/Ice       #####...     1%          3    None
 Spectral Weapon          Hex/Chrm       ######..     1%          3    None
 Tukima's Dance           Hex            #######.     1%          3    None
 Airstrike                Air            ######....   1%          4    None
 Passage of Golubria      Tloc           N/A          1%          4    None
 Summon Lightning Spire   Summ/Air       ######..     1%          4    None
 Static Discharge         Conj/Air       #####...     2%          3    None
 Leda's Liquefaction      Hex/Erth       ######....   3%          4    None
 Animate Skeleton         Necr           N/A          4%          1    None
 Freeze                   Ice            ###.         4%          1    None
 Pain                     Necr           ###.         4%          1    None
 Mephitic Cloud           Conj/Pois/Air  #####...     4%          3    None
 Invisibility             Hex            #######.     4%          6    ####...
 Passwall                 Tmut/Erth      ###.....     6%          2    None
 Sublimation of Blood     Necr           ###.......   6%          2    None
 Summon Ice Beast         Ice/Summ       #####...     9%          4    None
 Conjure Flame            Conj/Fire      ###.....     12%         3    None
 Vampiric Draining        Necr           ###.......   12%         3    None
 Excruciating Wounds      Chrm/Necr      #####.....   17%         5    ##.....
 Iskenderun's Battlesphe  Conj/Chrm      #####...     17%         5    ##.....
 Lightning Bolt           Conj/Air       #####.....   21%         5    ##.....
 Animate Dead             Necr           N/A          36%         4    None
 Hailstorm                Conj/Ice       ###.....     36%         4    None
 Olgreb's Toxic Radiance  Pois           ###.....     36%         4    None
 Agony                    Necr           ###.....     69%         5    ##.....
 Alistair's Intoxication  Tmut/Pois      ###.....     69%         5    ##.....
 Bolt of Magma            Conj/Fire/Erth ###.......   69%         5    ##.....
 Dispel Undead            Necr           ###.....     69%         5    ##.....
 Lee's Rapid Deconstruct  Erth           ###.......   69%         5    ##.....
 Venom Bolt               Conj/Pois      ###.......   69%         5    ##.....
 Conjure Ball Lightning   Conj/Air       #####.....   69%         6    ####...
 Malign Gateway           Summ/Tloc      ######....   69%         7    ######.
 Monstrous Menagerie      Summ           ######....   83%         7    ######.
 Summon Greater Demon     Summ           ######....   83%         7    ######.
 Summon Hydra             Summ           ######....   83%         7    ######.
 Iron Shot                Conj/Erth      ###.......   99%         6    ####...
 Statue Form              Tmut/Erth      ###......    99%         6    ####...
 Spellforged Servitor     Conj/Summ      #####.....   99%         7    ######.
 Orb of Destruction       Conj           ###.......   100%        7    ######.
 Chain Lightning          Conj/Air       #####.....   100%        8    #######
 Lehudib's Crystal Spear  Conj/Erth      ###.......   100%        8    #######
 Summon Horrible Things   Summ           ######....   100%        8    #######
 Fire Storm               Conj/Fire      ###.......   100%        9    #######
 Glaciate                 Conj/Ice       ###.......   100%        9    #######
 Shatter                  Erth           ###.......   100%        9    #######
 Tornado                  Air            ######....   100%        9    #######


Dungeon Overview and Level Annotations

Branches:
Dungeon (15/15)            Temple (1/1) D:6            Lair (4/6) D:8
  Swamp (0/4) Lair:2        Snake (4/4) Lair:4          Orc (2/2) D:11
    Elf (3/3) Orc:2        Vaults (5/5) D:13          Crypt (3/3) Vaults:2
   Tomb (2/3) Crypt:3      Depths (5/5) D:15            Zot (0/5) Depths:5

Altars:
Ashenzari
Cheibriados
Dithmenos
Elyvilon
Fedhas
Gozag
Hepliaklqana
Kikubaaqudgha
Makhleb
Nemelex Xobeh
Okawaru
Qazlal
Ru
Sif Muna
Trog
Uskayaw
Vehumet
Wu Jian
Xom
Yredelemnul
Zin
The Shining One
Beogh
Lugonu

Shops:
D:6 !*   D:15 :(!:   Orc:2 *([(*   Elf:1 (   Vaults:3 ?   Vaults:5 !(?!
Depths:1 [*:   Depths:2 [?*   Depths:3 [   Depths:4 *

Portals:
Hell: Depths:1 Depths:2 Depths:3 Depths:4 Depths:5
Abyss: Depths:3 Depths:4
Pandemonium: Depths:1 Depths:3
Ziggurat: Depths:4

Annotations:
D:7 exclusion: statue
Lair:1 3 runed translucent doors, exclusion: 3 oklob plants, Fandomethor's ghost, journeyman OpTm
Lair:3 exclusion: oklob plant
Lair:4 exclusion: hydra
Snake:3 Mara
Snake:4 Roxanne
Elf:1 1 runed translucent door, Lanycw Bisch's ghost, adept GnFi
Vaults:3 1 runed translucent door, Ecihucs's ghost, adept GrEE
Vaults:4 3 runed translucent doors, Owio's ghost, adept MiGl; nubinia's ghost, adept GnAE
Depths:4 exclusions: Tzitzimitl and 1 more exclusion


Innate Abilities, Weirdness & Mutations

You have a pair of large antennae on your head. (SInv)
You are completely covered in iridescent scales. (AC +6)
Your flesh is heat resistant. (rF+)
You resist negative energy. (rN+)
You regenerate a lot of health from kills.
You are somewhat able to resist unholy torments (1 in 2 success).
Your melee attacks may debilitate your foes.
You are immune to clouds of flame.
You have sharp toenails.
You have an increased reservoir of magic. (+10% MP)
Your system is resistant to poisons. (rPois)
You evolve.


Message History

You feel yourself speed up.
The death scarab bites you but does no damage.
The death scarab closely misses you. The death scarab misses you.
The death scarab bites you but does no damage.
The death scarab closely misses you. The mana viper completely misses you.
The mana viper bites you!
* * * LOW HITPOINT WARNING * * *
You feel your power leaking away.
The manticore skeleton is engulfed in blazing flames.
You destroy the manticore skeleton!
The greater mummy is engulfed in blazing flames.
The greater mummy closely misses you.
The death scarab is engulfed in blazing flames.
The death scarab barely misses you.
The greater mummy is engulfed in blazing flames.
The greater mummy casts a spell at you. Something smites you!
* * * LOW HITPOINT WARNING * * *
The death scarab bites you!!
You die...

*,,,,*,,,...#..^{.{...{{{Q,{*,,
*,,,,*,......?z##.......##,,,,,
*,,,,*,.......M##......^#*,,,,,
*,,,,*,,.....[M.M......,,,,,,,,
*,,,,*,,*#....☼☼§M.....,,,,,,,,
*,,,,*,.##...MsM°##{..#*,,,,,,,
*,,,,*,......M§§§.##.##,,,,,,,,
***+**,.....MSMQ.M.....,,,,,,,,
*,,,,****#####@########*******+
*,,,,,*.....sss#,,{{,{,{,,,,*,,
*,,,,,*.....sss#{{,{,,{,,,,,*,,
*,,,,,*........#,,,,,,,,,,,,+,,
*,,,,,*.......^#,,{,,,,,,,,,*,,
*,,,,,*........#,,,{,,,,,,,,*,,
*******#########***************


You could see 2 greater mummies, a tengu reaver, 2 mummy priests, a mana viper,
2 guardian mummies, 7 death scarabs, a flying skull and 4 mummies.

Vanquished Creatures
  Khufu (Crypt:2)
  Mennas (Vaults:5)
  6 ancient liches
  Sojobo (Tomb:2)
  3 greater mummies
  Boris (Crypt:1)
  Frederick (Crypt:1)
  Margery (Depths:3)
  The ghost of Aaksess the Eclecticist, a veteran DsIE of Ashenzari (Depths:2)
  Saint Roka (Crypt:1)
  A caustic shrike (Depths:3)
  4 golden dragons
  A bone dragon (Crypt:3)
  A hellephant (Abyss:2)
  5 liches
  2 deep elf blademasters (Elf:3)
  4 tentacled monstrosities
  The ghost of Zito the Slayer, an adept GrMo of Zin (Depths:4)
  Asterion (Snake:4)
  4 quicksilver dragons
  2 titans (Vaults:5)
  2 deep elf master archers (Elf:3)
  Agnes (Snake:3)
  12 sphinxes
  4 ancient champions
  4 shadow dragons
  8 tengu reavers
  A shadow dragon (shapeshifter) (Vaults:5)
  A storm dragon (Vaults:5)
  19 nagarajas
  6 revenants
  16 vault wardens
  An iron dragon (Vaults:3)
  11 frost giants
  5 deep elf sorcerers
  6 fire giants
  Aizul (Snake:1)
  4 curse skulls
  2 orc warlords
  A spectral juggernaut (Depths:2)
  2 deep elf elementalists (Elf:3)
  A draconian annihilator (Depths:5)
  A draconian shifter (Depths:5)
  21 stone giants
  2 reapers (Crypt:2)
  18 ironheart preservers
  A caustic shrike skeleton (Depths:1)
  5 war gargoyles
  2 bennus (Tomb:1)
  An entropy weaver (Vaults:4)
  22 very ugly things
  10 deep elf demonologists
  A lorocyproca (Depths:1)
  A dire elephant (D:15)
  9 vampire knights
  7 deep elf annihilators
  4 spark wasps
  A purple draconian (Depths:5)
  2 white draconians (Depths:5)
  Azrael (Elf:2)
  2 eidola
  16 ettins
  11 deep elf death magi
  A merfolk javelineer (Depths:1)
  2 merfolk impalers (Depths:1)
  Erolcha (D:11)
  5 deep elf high priests
  8 mummy priests (Tomb:1)
  10 fire dragons
  12 jiangshi
  Fannar (D:11)
  15 yaktaur captains
  7 rakshasas
  2 quicksilver dragon skeletons (Crypt:2)
  36 vault guards
  6 great orbs of eyes
  17 ice dragons
  2 hydras
  A caustic shrike simulacrum (Depths:1)
  4 spriggan air magi
  27 naga warriors
  3 juggernaut simulacra (Depths:2)
  Harold (D:11)
  2 death knights
  11 centaur warriors
  19 ogre magi
  9 anacondas
  3 spectral stone giants (Depths:2)
  57 two-headed ogres
  8 deep troll earth magi
  11 death scarabs
  30 dancing weapons
  5 titan zombies
  9 vampire magi
  5 deep troll shamans
  2 orc high priests
  8 shock serpents
  6 tengu warriors
  24 naga sharpshooters
  3 soul eaters (Crypt:1)
  A titan skeleton (Crypt:3)
  A storm dragon zombie (Crypt:2)
  5 iron trolls
  A fire crab (shapeshifter) (Vaults:3)
  23 deep elf knights
  A wretched star (Abyss:2)
  14 hell knights
  35 skeletal warriors
  An anaconda zombie (Crypt:1)
  2 sixfirhies (Depths:1)
  6 shadow wraiths
  3 salamander mystics
  7 glowing orange brains
  An unseen horror (shapeshifter) (Vaults:3)
  A deep troll (shapeshifter) (Vaults:2)
  4 unseen horrors
  6 flayed ghosts
  A quicksilver dragon simulacrum (Tomb:2)
  8 wizards
  An orb spider (Abyss:2)
  19 deep trolls
  7 naga ritualists
  5 harpies (Vaults:3)
  27 deep elf archers
  A lindwurm (shapeshifter) (Depths:3)
  3 golden dragon skeletons
  An obsidian statue (Depths:4)
  A tengu zombie (Depths:1)
  6 phantasmal warriors
  16 ironbrand convokers
  7 necromancers
  3 frost giant zombies
  6 large abominations
  A shadow dragon skeleton (Crypt:3)
  21 orc knights
  A stone giant zombie (Depths:2)
  12 mana vipers
  3 wolf spiders
  71 deep elf magi
  2 orc sorcerers
  A fire giant zombie (Crypt:2)
  43 ugly things
  11 salamanders
  3 iron dragon zombies (Crypt:2)
  9 cyclopes
  An iron dragon skeleton (Crypt:3)
  2 worldbinders (Abyss:2)
  4 manticores (D:15)
  A shining eye (shapeshifter) (Vaults:5)
  A black mamba (shapeshifter) (Depths:1)
  A salamander (shapeshifter) (Depths:4)
  3 stone giant skeletons
  2 elephants (shapeshifter)
  8 fire giant skeletons (Crypt:3)
  3 frost giant skeletons
  2 centaur zombies
  A smoke demon (Abyss:2)
  2 spiny frogs
  21 naga magi
  5 elephants (Lair:4)
  3 centaur skeletons
  9 guardian serpents
  A guardian serpent (shapeshifter) (Vaults:1)
  29 black mambas
  2 titan simulacra (Depths:2)
  17 vault sentinels
  A shock serpent skeleton (Crypt:2)
  6 gargoyles
  A dire elephant skeleton (Crypt:2)
  5 komodo dragons
  A rime drake (shapeshifter) (Depths:2)
  A yaktaur zombie (Vaults:2)
  2 yaktaurs (shapeshifter)
  An efreet (Abyss:2)
  3 kobold demonologists
  10 freezing wraiths
  4 starcursed masses (Abyss:2)
  An ice devil (Depths:1)
  44 yaktaurs
  An alligator snapping turtle skeleton (Crypt:1)
  4 tengu conjurers
  15 guardian mummies
  7 trolls
  A wind drake (shapeshifter) (Vaults:2)
  An ancient zyme (Abyss:2)
  2 queen bees (shapeshifter)
  A jumping spider (shapeshifter) (Vaults:2)
  2 polar bears (shapeshifter)
  A meliai (shapeshifter) (Depths:5)
  2 hydra zombies
  2 hydra skeletons (Crypt:3)
  4 hippogriffs
  8 hornets
  A blink frog (shapeshifter) (Vaults:3)
  20 slime creatures
  An ice dragon zombie (Crypt:2)
  3 raiju (Abyss:2)
  A harpy skeleton (Crypt:3)
  A dream sheep (shapeshifter) (Depths:2)
  5 blink frogs (Lair:3)
  An ettin zombie (Crypt:3)
  2 fire dragon zombies
  A frost giant simulacrum (Vaults:1)
  2 fire giant simulacra
  2 hippogriffs (shapeshifter)
  2 meliai zombies
  13 flying skulls
  A bog body (Lair:2)
  An alligator zombie (Crypt:2)
  11 wraiths
  3 redbacks (Vaults:4)
  3 ynoxinuls (Abyss:2)
  4 vampires
  7 water elementals
  7 shadows
  33 yaks
  10 air elementals
  11 fire dragon skeletons
  5 fire elementals
  An alligator skeleton (Crypt:2)
  3 spriggans
  2 wyverns (D:8)
  A spriggan (shapeshifter) (Vaults:2)
  3 ushabtiu
  A golden eye (shapeshifter) (Depths:3)
  An ettin skeleton (Crypt:2)
  2 basilisks
  2 humans (shapeshifter)
  8 vampire mosquitoes
  A neqoxec (Abyss:2)
  2 hungry ghosts
  A chaos spawn (Depths:1)
  A yaktaur simulacrum (Vaults:1)
  7 insubstantial wisps
  11 wargs
  4 acid dragons
  86 nagas
  2 hell hounds (Elf:2)
  3 water moccasins
  2 floating eyes
  4 porcupines (Lair:1)
  57 orc warriors
  2 ice beasts
  A manticore zombie (Crypt:2)
  6 sky beasts (Depths:1)
  2 eyes of draining
  A phantom (D:8)
  2 spiny frog skeletons (Crypt:2)
  42 ogres
  A necrophage (D:8)
  An ogre (shapeshifter) (Depths:3)
  5 boggarts
  10 centaurs
  A human skeleton (Vaults:2)
  A manticore skeleton (Tomb:2)
  7 crocodiles
  6 big kobolds
  12 bullfrogs
  11 small abominations
  2 earth elementals
  An elf skeleton (Crypt:3)
  A yaktaur skeleton (Crypt:1)
  3 scorpions
  22 wights
  6 killer bees
  A wolf zombie (Crypt:2)
  An electric eel (Depths:1)
  5 crimson imps
  6 bullfrog zombies
  A human simulacrum (Vaults:3)
  9 hounds
  A bullfrog skeleton (D:12)
  A gnoll shaman (D:10)
  12 orc priests
  11 orc wizards
  3 iguanas
  Natasha (thrice) (D:3)
  An iron imp (Depths:1)
  13 worker ants
  4 lightning spires (Depths:1)
  A deep dwarf skeleton (Crypt:2)
  An ogre skeleton (Crypt:2)
  2 hound zombies
  20 mummies
  A worker ant zombie (D:9)
  20 adders
  13 gnolls
  6 shadow imps
  3 white imps (Depths:1)
  4 ufetubi (Depths:1)
  A worm zombie (Crypt:1)
  4 adder skeletons
  2 adder zombies
  3 worms
  2 dart slugs
  7 leopard geckos
  104 orcs
  5 giant cockroaches
  9 goblins
  6 hobgoblins
  7 jackals
  25 kobolds
  3 quokkas
  4 bats
  3 frilled lizards
  A frilled lizard skeleton (Crypt:1)
  A gnoll skeleton (Crypt:2)
  A goblin zombie (Crypt:1)
  A jackal skeleton (Crypt:2)
  A kobold zombie (Crypt:2)
  A leopard gecko skeleton (D:4)
  A quokka zombie (D:6)
  3 rats
  A river rat skeleton (Crypt:1)
  5 crawling corpses
  3 fungi
  3 plants
  3 withered plants (Crypt:3)
2168 creatures vanquished.

Vanquished Creatures (collateral kills)
  A death scarab (Tomb:1)
1 creature vanquished.

Vanquished Creatures (others)
  A very ugly thing (Vaults:5)
  A deep elf mage (Elf:1)
  A neqoxec (Abyss:2)
  An insubstantial wisp (Depths:1)
  4 electric eels (Depths:1)
  An orc priest (Vaults:4)
  An orc wizard (D:6)
  A ball lightning (Depths:1)
  An orc (Vaults:4)
  2 fungi (Depths:2)
  3 withered plants (Vaults:4)
17 creatures vanquished.

Grand Total: 2186 creatures vanquished

Notes
Turn   | Place    | Note
-------+----------+-------------------------------------------
     0 | D:1      | Jannitor the Demonspawn Skald began the quest for the Orb.
     0 | D:1      | Reached XP level 1. HP: 16/16 MP: 3/3
    63 | D:1      | Reached skill level 1 in Armour
   228 | D:1      | Gained mutation: You regenerate a little health from kills.
                  | [demonic ancestry]
   228 | D:1      | Reached XP level 2. HP: 19/22 MP: 5/5
   577 | D:1      | Learned a level 2 spell: Shroud of Golubria
   928 | D:1      | Gained mutation: Your flesh is heat resistant. (rF+)
                  | [demonic ancestry]
   928 | D:1      | Reached XP level 3. HP: 27/27 MP: 4/6
  1398 | D:2      | Reached skill level 1 in Slings
  1827 | D:3      | Gained mutation: You regenerate health from kills. [demonic
                  | ancestry]
  1827 | D:3      | Reached XP level 4. HP: 34/34 MP: 7/7
  2175 | D:3      | Noticed Natasha
  2191 | D:3      | Killed Natasha
  2431 | D:3      | Found a white marble altar of Elyvilon.
  2431 | D:3      | Found a sacrificial altar of Ru.
  2480 | D:3      | Noticed Natasha
  2492 | D:3      | Killed Natasha
  2492 | D:3      | Gained mutation: You have a pair of small antennae on your
                  | head. [demonic ancestry]
  2492 | D:3      | Reached XP level 5. HP: 31/41 MP: 6/8
  2660 | D:3      | Noticed Natasha
  2693 | D:3      | Killed Natasha
  3380 | D:4      | Found a shattered altar of Ashenzari.
  3382 | D:4      | Found a basalt altar of Yredelemnul.
  3397 | D:4      | Noticed a centaur
  3411 | D:4      | Killed a centaur
  3411 | D:4      | Reached XP level 6. HP: 15/47 MP: 2/9
  4259 | D:5      | Entered Level 5 of the Dungeon
  4689 | D:5      | Reached XP level 7. HP: 43/54 MP: 6/10
  5097 | D:5      | Found a hide-covered altar of Uskayaw.
  5122 | D:6      | Found a staircase to the Ecumenical Temple.
  5140 | Temple   | Entered the Ecumenical Temple
  5761 | D:6      | Found Riasol's Assorted Antiques.
  5786 | D:6      | Bought a glowing broad axe for 168 gold pieces
  5908 | D:6      | Found a hazy altar of Hepliaklqana.
  5975 | D:6      | Reached skill level 1 in Axes
  6085 | D:6      | Found Dulower's Distillery.
  6110 | D:5      | Became a worshipper of Uskayaw the Reveler
  6157 | D:6      | Found a stormy altar of Qazlal.
  6258 | D:7      | Reached * piety under Uskayaw
  6309 | D:7      | Reached ** piety under Uskayaw
  6344 | D:7      | Gained mutation: You are partially covered in iridescent
                  | scales. (AC +2) [demonic ancestry]
  6344 | D:7      | Reached XP level 8. HP: 35/61 MP: 6/11
  6682 | D:7      | Found a radiant altar of Vehumet.
  6807 | D:7      | Reached *** piety under Uskayaw
  6808 | D:7      | Reached **** piety under Uskayaw
  6924 | D:7      | Found a glowing silver altar of Zin.
  6993 | D:8      | Reached skill level 5 in Axes
  7268 | D:8      | Gained mutation: You regenerate a lot of health from kills.
                  | [demonic ancestry]
  7268 | D:8      | Reached XP level 9. HP: 48/67 MP: 8/12
  7469 | D:8      | Found a staircase to the Lair.
  7470 | D:8      | Noticed a komodo dragon
  7503 | D:8      | Killed a komodo dragon
  7644 | D:8      | Paralysed by a hornet for 2 turns
  7758 | D:8      | Noticed a tengu warrior
  7758 | D:8      | Noticed a tengu conjurer
  8049 | D:8      | Killed a tengu conjurer
  8061 | D:8      | HP: 4/100 [tengu warrior/+0 great mace (16)]
  8063 | D:8      | Killed a tengu warrior
  8063 | D:8      | Reached skill level 10 in Axes
  8477 | Lair:1   | Entered Level 1 of the Lair of Beasts
  8494 | Lair:1   | Reached skill level 5 in Fighting
  8545 | Lair:1   | Found a runed translucent gate.
  8545 | Lair:1   | Found a runed translucent gate.
  8545 | Lair:1   | Found a runed translucent gate.
  8592 | Lair:1   | Noticed a rime drake
  8593 | Lair:1   | Noticed Fandomethor's ghost (journeyman OpTm)
  8593 | Lair:1   | Noticed a rime drake
  8594 | Lair:1   | Noticed a rime drake
  8607 | Lair:1   | Noticed an oklob plant
  8608 | Lair:1   | Noticed an oklob plant
  8608 | Lair:1   | Noticed an oklob plant
  8643 | Lair:1   | Gained mutation: You have a pair of antennae on your head.
                  | [demonic ancestry]
  8643 | Lair:1   | Reached XP level 10. HP: 29/74 MP: 5/13
  9191 | Lair:1   | Reached skill level 1 in Shields
  9250 | Lair:1   | Noticed a spiny frog
  9260 | Lair:1   | Killed a spiny frog
  9683 | Lair:2   | Reached ***** piety under Uskayaw
  9939 | Lair:2   | Found a staircase to the Swamp.
  9967 | Lair:2   | Reached skill level 5 in Armour
 10737 | Lair:3   | Gained mutation: You are immune to clouds of flame.
                  | [demonic ancestry]
 10737 | Lair:3   | Reached XP level 11. HP: 83/83 MP: 14/14
 10765 | Lair:3   | Reached ****** piety under Uskayaw
 10954 | Lair:3   | Found a blossoming altar of Fedhas.
 10974 | Lair:3   | Noticed an oklob plant
 11021 | Lair:4   | Noticed a four-headed hydra
 11717 | Lair:4   | Found a staircase to the Snake Pit.
 11780 | Lair:4   | Noticed a six-headed hydra
 11866 | Lair:3   | Found a blossoming altar of Fedhas.
 12426 | D:9      | Reached skill level 1 in Invocations
 12672 | D:9      | Found a shadowy altar of Dithmenos.
 12736 | D:9      | Noticed a two-headed ogre
 12763 | D:9      | Killed a two-headed ogre
 12837 | D:9      | Found a blossoming altar of Fedhas.
 12840 | D:9      | Found an opulent altar of Gozag.
 12843 | D:9      | Found an iron altar of Okawaru.
 13053 | D:10     | Entered Level 10 of the Dungeon
 13105 | D:10     | Gained mutation: You have a pair of large antennae on your
                  | head. (SInv) [demonic ancestry]
 13105 | D:10     | Reached XP level 12. HP: 92/92 MP: 15/15
 13682 | D:10     | Noticed a two-headed ogre
 13690 | D:10     | Killed a two-headed ogre
 14109 | D:11     | Found a staircase to the Orcish Mines.
 14143 | D:11     | Noticed a two-headed ogre
 14150 | D:11     | Killed a two-headed ogre
 14163 | D:11     | Noticed Fannar
 14183 | D:11     | Killed Fannar
 14199 | D:11     | Reached skill level 5 in Shields
 14474 | D:11     | Noticed a centaur warrior
 14480 | D:11     | Killed a centaur warrior
 14480 | D:11     | Reached skill level 5 in Invocations
 14617 | D:11     | Noticed a two-headed ogre
 14635 | D:11     | Killed a two-headed ogre
 14880 | D:11     | Noticed a war gargoyle
 14890 | D:11     | Killed a war gargoyle
 15002 | D:11     | Noticed a frost giant
 15007 | D:11     | Killed a frost giant
 15146 | D:11     | Noticed a four-headed hydra
 15161 | D:11     | Killed a four-headed hydra
 15186 | D:11     | Noticed an ettin
 15195 | D:11     | Killed an ettin
 15248 | D:11     | Noticed a tengu reaver
 15267 | D:11     | Killed a tengu reaver
 15267 | D:11     | Reached XP level 13. HP: 40/101 MP: 5/17
 15700 | D:11     | Found a portal to a secret trove of treasure.
 15778 | D:11     | Noticed Erolcha
 15787 | D:11     | Killed Erolcha
 16065 | D:11     | Noticed Harold
 16076 | D:11     | Killed Harold
 17356 | D:13     | Noticed an ettin
 17373 | D:13     | Killed an ettin
 17387 | D:13     | Reached skill level 10 in Fighting
 17506 | D:13     | Found a gate to the Vaults.
 18265 | D:14     | Gained mutation: You are mostly covered in iridescent
                  | scales. (AC +4) [demonic ancestry]
 18265 | D:14     | Reached XP level 14. HP: 90/110 MP: 16/20
 18407 | D:14     | Got an ancient shield
 18418 | D:14     | Identified the +3 shield of Relativism {MR+} (You found it
                  | on level 14 of the Dungeon)
 18831 | D:15     | Entered Level 15 of the Dungeon
 18867 | D:15     | Found a staircase to the Depths.
 19013 | D:15     | Found Beets's Book Shoppe.
 19260 | D:15     | Found Tethruh's Distillery.
 19267 | D:15     | Reached skill level 15 in Axes
 19286 | D:15     | Bought a potion of mutation for 112 gold pieces
 19399 | D:15     | Reached skill level 10 in Invocations
 19497 | D:15     | Found Afideile's Weapon Boutique.
 19512 | D:15     | Found Woebbu Boxa's Book Boutique.
 19736 | Orc:1    | Entered Level 1 of the Orcish Mines
 19847 | Orc:2    | Entered Level 2 of the Orcish Mines
 19951 | Orc:2    | Found a roughly hewn altar of Beogh.
 19968 | Orc:2    | Found Koqunut's General Store.
 19982 | Orc:2    | Found Sogarchuk's Weapon Emporium.
 20036 | Orc:2    | Bought a potion of resistance for 160 gold pieces
 20107 | Orc:2    | Found Egustrat's Antique Armour Boutique.
 20107 | Orc:2    | Found Xacufunk's Antique Weapon Emporium.
 20171 | Orc:2    | Found a staircase to the Elven Halls.
 20559 | Orc:2    | Found Cenoas's Commerce Corner.
 20846 | Snake:1  | Entered Level 1 of the Snake Pit
 20995 | Snake:1  | Reached skill level 10 in Armour
 21216 | Snake:1  | Gained mutation: You are completely covered in iridescent
                  | scales. (AC +6) [demonic ancestry]
 21216 | Snake:1  | Reached XP level 15. HP: 76/118 MP: 15/23
 21506 | Snake:1  | Noticed Aizul
 21529 | Snake:1  | Killed Aizul
 22097 | Snake:1  | Noticed a nagaraja
 22130 | Snake:1  | Upgraded the game from 0.25-a0-185-g6cfeca75b2 to
                  | 0.25-a0-189-gf71692caf1
 22400 | Snake:1  | Killed a nagaraja
 22665 | Snake:2  | Found a shimmering altar of Xom.
 23532 | Snake:3  | Noticed Agnes
 23540 | Snake:3  | Killed Agnes
 23540 | Snake:3  | Reached XP level 16. HP: 99/127 MP: 14/25
 23702 | Snake:3  | Noticed Mara
 23716 | Snake:3  | Noticed Jannitor's illusion
 24183 | Snake:3  | Noticed Jannitor's illusion
 24183 | Snake:4  | Entered Level 4 of the Snake Pit
 24463 | Snake:4  | Noticed Roxanne
 24639 | Snake:4  | Reached skill level 10 in Shields
 24828 | Snake:4  | Got a serpentine rune of Zot
 25005 | Snake:4  | Reached XP level 17. HP: 63/135 MP: 13/27
 26031 | Snake:4  | Noticed Asterion
 26047 | Snake:4  | Killed Asterion
 26548 | Vaults:1 | Entered Level 1 of the Vaults
 26901 | Vaults:1 | Gained mutation: You resist negative energy. (rN+) [demonic
                  | ancestry]
 26901 | Vaults:1 | Reached XP level 18. HP: 82/144 MP: 16/28
 26904 | Vaults:1 | Noticed a Tzitzimitl
 28121 | Vaults:2 | Reached skill level 5 in Dodging
 28136 | Vaults:2 | Reached skill level 15 in Invocations
 28698 | Vaults:2 | Found a staircase to the Crypt.
 28698 | Vaults:2 | Found an ancient bone altar of Kikubaaqudgha.
 28699 | Vaults:2 | Found a basalt altar of Yredelemnul.
 29045 | Vaults:2 | Gained mutation: You are somewhat able to resist unholy
                  | torments (1 in 2 success). [demonic ancestry]
 29045 | Vaults:2 | Reached XP level 19. HP: 152/152 MP: 30/30
 29738 | Vaults:3 | Learned a level 1 spell: Apportation
 29742 | Vaults:3 | Learned a level 3 spell: Regeneration
 30643 | Vaults:3 | Found Gaimnoeq's Magic Scroll Boutique.
 30646 | Vaults:3 | Bought a scroll of enchant armour for 112 gold pieces
 30740 | Vaults:3 | Reached skill level 15 in Fighting
 31010 | Vaults:3 | Found a runed translucent door.
 31010 | Vaults:3 | Noticed Ecihucs's ghost (adept GrEE)
 31407 | Vaults:3 | Reached XP level 20. HP: 157/162 MP: 30/32
 31967 | Vaults:4 | Found a runed translucent gate.
 31967 | Vaults:4 | Found a runed translucent gate.
 31968 | Vaults:4 | Found a runed translucent gate.
 31968 | Vaults:4 | Noticed nubinia's ghost (adept GnAE)
 31968 | Vaults:4 | Noticed Owio's ghost (adept MiGl)
 32905 | D:11     | You paid a toll of +3 ice dragon scales to enter a treasure
                  | trove
 32906 | Trove    | Entered a treasure trove
 32918 | Trove    | Got a wavering iron amulet
 32922 | Trove    | Got a scorched jade amulet
 32953 | Trove    | Identified the amulet of Gitoarack {Acrobat +Blink rElec
                  | Str-4 Int+7} (You found it in a treasure trove)
 32955 | Trove    | Identified the amulet of Surprise {rElec rPois rC+ Regen+}
                  | (You found it in a treasure trove)
 33199 | Elf:1    | Entered Level 1 of the Elven Halls
 33268 | Elf:1    | Upgraded the game from 0.25-a0-189-gf71692caf1 to
                  | 0.25-a0-190-g27fffb8c76
 33282 | Elf:1    | Found a runed translucent door.
 33290 | Elf:1    | Found a shimmering altar of Xom.
 33290 | Elf:1    | Noticed Lanycw Bisch's ghost (adept GnFi)
 33317 | Elf:1    | Identified the +7 quarterstaff of Behian {chaos, Dex+3}
 33735 | Elf:1    | Reached skill level 1 in Stealth
 33780 | Elf:1    | Found Kophek's Antique Weapon Boutique.
 34302 | Elf:2    | Noticed Azrael
 34321 | Elf:2    | Killed Azrael
 34542 | Elf:2    | Found a runed translucent gate.
 34542 | Elf:2    | Found a runed translucent gate.
 34693 | Elf:2    | Found a runed translucent gate.
 34831 | Elf:2    | Reached XP level 21. HP: 162/170 MP: 34/34
 35030 | Elf:2    | Reached skill level 10 in Dodging
 35170 | Elf:3    | Entered Level 3 of the Elven Halls
 35467 | Elf:3    | Identified the +0 robe of Nekk {rN+}
 35997 | Elf:3    | Identified the ring "Naas" {rElec SInv}
 36156 | Elf:3    | Cast into level 2 of the Abyss (a deep elf demonologist)
 36476 | Elf:3    | Escaped the Abyss
 36517 | Elf:3    | Identified the +5 glaive "Joiqat" {freeze, rElec rF+ rC-
                  | Int+7}
 36526 | Elf:3    | Reached skill level 15 in Armour
 36687 | Elf:3    | Found the +9 scales of the Dragon King {rPois rF+ rC+ MR+}
 36955 | Elf:1    | Reached skill level 5 in Stealth
 37137 | D:15     | Bought a book of the Sky for 1040 gold pieces
 37143 | D:15     | Learned a level 5 spell: Silence
 37150 | D:15     | Learned a level 6 spell: Deflect Missiles
 37454 | Vaults:5 | Entered Level 5 of the Vaults
 37461 | Vaults:5 | Reached skill level 1 in Hexes
 37461 | Vaults:5 | Reached skill level 1 in Air Magic
 37463 | Vaults:5 | Noticed Mennas
 37499 | Vaults:5 | Killed Mennas
 37559 | Vaults:5 | Upgraded the game from 0.25-a0-190-g27fffb8c76 to
                  | 0.25-a0-200-g5ba96148f3
 37614 | Vaults:5 | Reached XP level 22. HP: 179/179 MP: 11/35
 37620 | Vaults:5 | Found Beet's Distillery.
 37648 | Vaults:5 | Found Ratet's Magic Scroll Shoppe.
 37692 | Vaults:5 | Bought a scroll of summoning for 190 gold pieces
 37692 | Vaults:5 | Bought a scroll of summoning for 190 gold pieces
 37761 | Vaults:5 | Found Erures's Distillery.
 37842 | Vaults:5 | Bought a potion of curing for 45 gold pieces
 37842 | Vaults:5 | Bought a potion of resistance for 150 gold pieces
 38214 | Vaults:5 | Reached skill level 5 in Charms
 38242 | Vaults:5 | Noticed an ancient lich
 38250 | Vaults:5 | Killed an ancient lich
 38465 | Vaults:5 | Reached skill level 5 in Spellcasting
 38709 | Vaults:5 | Noticed a golden dragon
 38709 | Vaults:5 | an iron dragon changed into a golden dragon
 38711 | Vaults:5 | Identified the +7 mace of Ligeric {venom, +Rage rC+ SInv}
 38712 | Vaults:5 | a golden dragon changed into an iron giant
 38720 | Vaults:5 | Reached skill level 5 in Hexes
 38725 | Vaults:5 | Reached skill level 15 in Shields
 38752 | Vaults:5 | Got a silver rune of Zot
 38844 | Vaults:5 | Found Ugatoara's Antique Weapon Shop.
 39172 | Vaults:5 | Identified the amulet "Eckerrim" {rElec Regen+ Str+3 Int+4}
 39333 | Vaults:5 | Identified the cursed +0 pair of gloves of Quxagu Baub
                  | {Str+3 Int+4 Dex+4} (You found it on level 5 of the Vaults)
 39338 | Vaults:5 | Upgraded the game from 0.25-a0-200-g5ba96148f3 to
                  | 0.25-a0-263-g9d16a9d099
 39359 | Vaults:5 | Learned a level 3 spell: Lesser Beckoning
 39468 | Crypt:1  | Entered Level 1 of the Crypt
 39527 | Crypt:1  | Reached skill level 5 in Air Magic
 39551 | Crypt:1  | Reached skill level 1 in Translocations
 39598 | Crypt:1  | Found a transporter.
 39598 | Crypt:1  | Noticed an ancient lich
 39800 | Crypt:1  | Noticed Saint Roka
 39828 | Crypt:1  | Killed Saint Roka
 39867 | Crypt:1  | Noticed Boris
 39887 | Crypt:1  | Killed Boris
 39887 | Crypt:1  | Reached XP level 23. HP: 185/186 MP: 12/36
 40066 | Crypt:1  | Noticed Frederick
 40083 | Crypt:1  | Killed Frederick
 40596 | Crypt:2  | Noticed a greater mummy
 40624 | Crypt:2  | Killed a greater mummy
 40681 | Crypt:2  | Learned a level 6 spell: Darkness
 40886 | Crypt:2  | Noticed Khufu
 40896 | Crypt:2  | Noticed a greater mummy
 40919 | Crypt:2  | Killed a greater mummy
 40925 | Crypt:2  | Killed Khufu
 41313 | Crypt:2  | Reached skill level 5 in Translocations
 41589 | Crypt:3  | Entered Level 3 of the Crypt
 42252 | Crypt:3  | Found a staircase to the Tomb.
 42254 | Crypt:3  | Found the +7 great mace "Undeadhunter" {disrupt, rN+}
 42507 | Crypt:3  | Reached skill level 10 in Stealth
 42781 | Crypt:3  | Found an ancient bone altar of Kikubaaqudgha.
 42783 | Crypt:3  | Noticed an ancient lich
 42800 | Crypt:3  | Killed an ancient lich
 42800 | Crypt:3  | Reached XP level 24. HP: 186/186 MP: 12/36
 42803 | Crypt:3  | Noticed an ancient lich
 42824 | Crypt:3  | Killed an ancient lich
 42858 | Crypt:3  | Noticed an ancient lich
 42886 | Crypt:3  | Killed an ancient lich
 42898 | Crypt:3  | Learned a level 5 spell: Summon Mana Viper
 42904 | Crypt:3  | Identified Joplea Giack's Guide on the Noxious Volcanoes
 43113 | Crypt:3  | Reached skill level 1 in Summonings
 43391 | Tomb:1   | Entered Level 1 of the Tomb of the Ancients
 43594 | Tomb:1   | Gained mutation: You evolve. [potion of mutation]
 43594 | Tomb:1   | Gained mutation: You have an increased reservoir of magic.
                  | (+10% MP) [potion of mutation]
 43594 | Tomb:1   | Gained mutation: You have sharp toenails. [potion of
                  | mutation]
 44239 | Crypt:1  | Reached skill level 5 in Summonings
 44276 | Crypt:1  | Found a transporter.
 44299 | Crypt:1  | Killed an ancient lich
 44307 | Crypt:1  | Identified the ring of the Real Monster {+Inv AC+5 Str-5
                  | Int+7} (You found it on level 1 of the Crypt)
 44877 | Tomb:1   | Gained mutation: Your system is resistant to poisons.
                  | (rPois) [evolution]
 46235 | Depths:1 | Entered Level 1 of the Depths
 46261 | Depths:1 | Found a gateway to Hell.
 46305 | Depths:1 | Found a one-way gate leading to the halls of Pandemonium.
 46504 | Depths:1 | Found Halenol's Book Shop.
 46579 | Depths:1 | Found Toifyan's General Store.
 46601 | Depths:1 | Reached skill level 10 in Hexes
 46824 | Depths:1 | Found a runed translucent door.
 46832 | Depths:1 | Reached skill level 1 in Maces & Flails
 47008 | Depths:1 | Found Oraenuyr's Armour Shoppe.
 47324 | Depths:2 | Found a runed translucent door.
 47325 | Depths:2 | Noticed Aaksess's ghost (veteran DsIE)
 47348 | Depths:2 | Killed Aaksess's ghost
 47350 | Depths:2 | Gained mutation: Your melee attacks may debilitate your
                  | foes. [demonic ancestry]
 47350 | Depths:2 | Reached XP level 25. HP: 167/200 MP: 13/40
 47659 | Depths:2 | Reached skill level 10 in Spellcasting
 47682 | Depths:2 | Paralysed by a floating eye for 2 turns
 48218 | Depths:2 | Found Waz Simp's General Store.
 48222 | Depths:2 | Found Poin's Magic Scroll Shoppe.
 48223 | Depths:2 | Found Buawoss's Antique Armour Emporium.
 48228 | Depths:2 | Bought a scroll of blinking for 135 gold pieces
 48230 | Depths:2 | Bought a faintly glowing chain mail for 361 gold pieces
 48230 | Depths:2 | Identified the +2 chain mail of Asogumpa {rCorr} (You
                  | bought it in a shop on level 2 of the Depths)
 49012 | Depths:3 | Reached skill level 5 in Maces & Flails
 49029 | Depths:3 | Identified the ring of Seinud {rF+ MP+9 Int+4 SInv} (You
                  | found it on level 3 of the Depths)
 49156 | Depths:3 | Found Cuoz's Antique Armour Emporium.
 49171 | Depths:3 | Bought a pair of spiked gloves for 361 gold pieces
 49171 | Depths:3 | Identified the cursed -7 pair of gloves "Fafyn" {rPois}
                  | (You bought it in a shop on level 3 of the Depths)
 49365 | Depths:3 | Noticed Margery
 49393 | Depths:3 | Killed Margery
 49405 | Depths:3 | Identified the ring "Zeit" {rElec rPois rN+} (You found it
                  | on level 3 of the Depths)
 49464 | Depths:3 | Found a one-way gate to the infinite horrors of the Abyss.
 49571 | Depths:3 | Identified the ring "Honiuc" {Ice Str+6} (You found it on
                  | level 3 of the Depths)
 49732 | Depths:4 | Found a corrupted altar of Lugonu.
 49953 | Depths:4 | Found a gateway to a ziggurat.
 50298 | Depths:4 | Found a runed translucent gate.
 50298 | Depths:4 | Found a runed translucent gate.
 50298 | Depths:4 | Found a runed translucent gate.
 50299 | Depths:4 | Found an opulent altar of Gozag.
 50300 | Depths:4 | Noticed Zito's ghost (adept GrMo)
 50301 | Depths:4 | Found Ilyg Loss's Assorted Antiques.
 50440 | Depths:4 | Reached skill level 10 in Maces & Flails
 50448 | Depths:4 | Reached XP level 26. HP: 160/207 MP: 14/42
 50452 | Depths:4 | Killed Zito's ghost
 50540 | Depths:5 | Entered Level 5 of the Depths
 50767 | Depths:5 | Found a gate to the Realm of Zot.
 52073 | Tomb:1   | Upgraded the game from 0.25-a0-263-g9d16a9d099 to
                  | 0.25-a0-277-g7046ed1b37
 52082 | Tomb:2   | Noticed Sojobo
 52086 | Tomb:2   | Noticed a greater mummy
 52099 | Tomb:2   | Noticed an ancient lich
 52103 | Tomb:2   | Noticed a greater mummy
 52113 | Tomb:2   | Noticed a greater mummy
 52125 | Tomb:2   | Killed Sojobo
 52129 | Tomb:2   | Killed an ancient lich
 52130 | Tomb:2   | Killed a greater mummy
 52131 | Tomb:2   | Slain by a death scarab

Levels and vault maps discovered:
D:1:      minmay_arrival_checkered_box, layout_basic
D:2:      layout_rooms, minmay_splitting_lines, kennysheep_path_1
D:3:      layout_basic, gammafunk_temple_overflow_elements, uniq_natasha
D:4:      layout_loops_corners, yredelemnul_altar_generic,
          evilmike_ruin_ashenzari
D:5:      layout_rooms, kennysheep_mini_moat, first_ration
D:6:      layout_rooms, marbit_many_paths, nicolae_qazlal_eye_of_the_storm,
          minmay_temple_entry_butterflies, serial_shops, shop, kennysheep_mini,
          minmay_misc_feat_more_columns, kennysheep_generic_room_14
D:7:      layout_basic, zin_treasury, vehumet_statue
D:8:      layout_loops_ring, david_lair_shrubbed
D:9:      layout_roguey, lemuel_crystal_altar, grunt_temple_overflow_diamond,
          the_bakery
D:10:     layout_loops_corners
D:11:     minmay_box_of_curves, layout_irregular_city, enter_trove_5,
          uniq_fannar, uniq_harold, uniq_erolcha
D:12:     layout_cross
D:13:     layout_loops_ring, david_vaults_4
D:14:     layout_cave_pods, chequers_arboretum, laboratory
D:15:     hangedman_depths_entry_try_elsewhere_first, layout_irregular_city,
          serial_shops, nicolae_shop_statue_plus, shop,
          nicolae_shop_competitors_out_of_business, shop, minivault_27
Temple:   compressed_dpeg_triangle_lava_temple
Lair:1:   layout_roguey, gammafunk_ghost_icy, minmay_lair_oklob_chamber
Lair:2:   minmay_lair_venomous_thicket, layout_regular_city,
          skrybe_swamp_entry_bodies
Lair:3:   layout_big_grid, tgw_fedhas
Lair:4:   layout_cave_pods, guppyfry_snake_entry_island
Snake:1:  nicolae_snake_hallway, layout_gridlike, uniq_aizul
Snake:2:  skrybe_snakes_to_sticks, layout_misc_corridors
Snake:3:  layout_layer_cave, uniq_mara, uniq_agnes
Snake:4:  grunt_snake_rune_spirals, layout_onion, grunt_ministairs_12,
          hangedman_snake_corridor_split, uniq_roxanne, uniq_asterion
Orc:1:    layout_caves, uniq_erica
Orc:2:    st_orc_town, layout_caves, nicolae_alphabet_shops
Elf:1:    layout_gridlike, ebering_ghost_xom, serial_shops, nicolae_shop_stone,
          hangedman_elven_crosses_minicolossus
Elf:2:    layout_gridlike, drop_trap, uniq_azrael
Elf:3:    grunt_elf_hall_diamonds, layout_onion_city
Vaults:1: hangedman_vaults_hat, vaults_room_door_ring,
          nicolae_vaults_little_squares_6, nicolae_vaults_puzzle_piece,
          st_spiral_rooms, nicolae_vaults_network_star,
          ontoclasm_vaults_gateway, v_alt_pattern_6, v_misc_24,
          layout_vaults_omnigrid
Vaults:2: nicolae_vaults_what_the_h, v_misc_30, vaults_standard_mumra_x,
          minmay_crypt_entry_necro_gods, vaults_room_guarded_vault,
          vaults_room_grid, hangedman_vaults_stream, vaults_dpeg_cross,
          vaults_dpeg_spiral, ontoclasm_vaults_ring_square, vaults_mumra_hex,
          layout_vaults_chaotic_city
Vaults:3: gammafunk_vaults_ghost_grave, hangedman_vaults_stagger,
          nicolae_vaults_twisting_passages,
          nicolae_vaults_windows_and_doors_thing, vaults_mumra_lcd, v_misc_23,
          nicolae_vaults_network_quincunx
          [nicolae_vaults_network_quincunx_subvault,
          nicolae_vaults_network_quincunx_subvault,
          nicolae_vaults_network_quincunx_subvault,
          nicolae_vaults_network_quincunx_subvault,
          nicolae_vaults_network_quincunx_subvault], st_cells,
          hangedman_vaults_stretched_pinwheel, vaults_mumra_minichess,
          vaults_mumra_minichess_inversion, layout_vaults_maze_snakey,
          serial_shops, nicolae_shop_window_shopping
Vaults:4: gammafunk_vaults_ghost_cemetery, v_alt_pattern_6,
          hangedman_vaults_snaps, vaults_room_large_hall, v_alt_pattern_3,
          v_rooms_5, vaults_mumra_chevron, v_pattern_4, v_misc_26,
          hangedman_vaults_stitches, vaults_dpeg_doors, grunt_vaults_diagonal,
          layout_vaults_omnibox
Vaults:5: uniq_mennas
Crypt:1:  gammafunk_the_bubble [the_bubble_gammafunk_plus_minus],
          layout_misc_corridors, lemuel_statue_altar, uniq_saint_roka,
          uniq_frederick, uniq_boris
Crypt:2:  hangedman_screamer, layout_chaotic_city,
          serial_sigils_hangedman_scratch, st_vampire_maze, uniq_khufu
Crypt:3:  quadcrypt_mu
Tomb:1
Tomb:2:   uniq_sojobo
Depths:1: layout_twisted_cross, serial_shops, shop, nicolae_shop_statue_plus,
          shop, chequers_big_river, grunt_pan_entry_in_and_out, hell_entry,
          minmay_misc_feat_ornament, hangedman_aerie_drop
Depths:2: minmay_skeletal_surprise, layout_small_grid,
          muffindrake_ghost_dead_mans_drink, nrook_campfire, hell_entry,
          nrook_mini_vaults, serial_bayou_shore_a, minmay_shop_star,
          grunt_megastairs_2, infiniplex_staircase_door_maze
Depths:3: hangedman_spin_cycle, pan_entry, serial_shops, abyss_entry,
          hell_entry, uniq_margery
Depths:4: cheibrodos_tormentor_scu, layout_cave_pools, enter_ziggurat_a,
          grunt_hell_entry_dis_grunt, abyss_entry_flame_altar,
          ebering_ghost_gozag
Depths:5: evilmike_zot_entry_diamond, layout_basic, hex_tiny, hell_entry

Skill      XL: |  1  2  3  4  5  6  7  8  9 10 11 12 13 14 15 16 17 18 19 20 21 22 23 24 25 26 |
---------------+-------------------------------------------------------------------------------+-----
Armour         | 1 2 3 4 5 7 8 9 10 11 12 13 14 15 | 15.0
Polearms       | 2 3 4 |  4.1
Dodging        | 2 4 6 8 9 10 | 10.5
Slings         | 1 2 3 |  3.6
Fighting       | 3 4 5 6 8 9 10 11 12 13 14 15 16 | 16.9
Axes           | 2 7 10 11 12 13 14 15 16 17 18 | 18.4
Shields        | 3 4 6 7 8 9 10 11 12 13 14 15 | 15.0
Invocations    | 3 6 8 10 12 13 14 15 16 18 | 18.6
Stealth        | 2 5 8 10 | 10.4
Charms         | 4 6 8 |  8.9
Hexes          | 2 5 7 10 12 | 12.0
Air Magic      | 2 5 6 8 |  8.3
Spellcasting   | 3 5 8 9 11 | 11.2
Translocations | 2 6 7 9 |  9.3
Summonings     | 7 |  7.2
Maces & Flails | 2 10 12 | 12.7

Action                   |  1- 3 |  4- 6 |  7- 9 | 10-12 | 13-15 | 16-18 | 19-21 | 22-24 | 25-27 || total
-------------------------+-------+-------+-------+-------+-------+-------+-------+-------+-------++-------
Melee: Spear             |    78 |    33 |       |       |       |       |       |       |       ||   111
       Broad axe         |       |       |   134 |   430 |   824 |  1052 |  1427 |  2133 |   748 ||  6748
       Great mace        |       |       |       |       |       |       |       |       |    53 ||    53
 Fire: Hunting sling     |    44 |   186 |   122 |    50 |    15 |       |       |       |       ||   417
Throw: Dart              |       |       |       |       |       |       |       |     1 |       ||     1
 Cast: Infusion          |     4 |     2 |       |       |       |       |       |       |       ||     6
       Deflect Missiles  |       |       |       |       |       |       |       |     1 |     4 ||     5
       Darkness          |       |       |       |       |       |       |       |    11 |     2 ||    13
       Silence           |       |       |       |       |       |       |       |     4 |     2 ||     6
       Summon Mana Viper |       |       |       |       |       |       |       |     2 |       ||     2
       Regeneration      |       |       |       |       |       |       |       |     1 |     1 ||     2
       Shroud of Golubri |       |       |       |       |       |       |       |       |     1 ||     1
Invok: Stomp             |       |       |       |     1 |     3 |       |       |       |       ||     4
       Line Pass         |       |       |       |       |     1 |       |       |       |       ||     1
       Grand Finale      |       |       |       |       |       |       |       |     1 |       ||     1
Evoke: Wand              |       |       |       |     1 |     2 |       |       |       |     1 ||     4
  Use: Potion            |       |     7 |     2 |     2 |     6 |     2 |     5 |     5 |     6 ||    35
       Scroll            |       |       |    14 |     9 |    13 |     5 |    14 |     8 |    11 ||    74
 Stab: Paralysed         |       |       |     4 |    44 |   108 |   171 |   253 |   264 |   154 ||   998
       Sleeping          |       |       |     2 |    15 |    11 |    11 |    16 |    34 |    23 ||   112
       Invisible         |       |       |     1 |       |       |       |       |       |       ||     1
       Distracted        |       |       |       |     1 |     2 |     1 |     4 |     2 |     1 ||    11
       Confused          |       |       |       |       |     1 |       |       |       |       ||     1
  Eat: Chunk             |     3 |     7 |    13 |    22 |    24 |    12 |    23 |    11 |    13 ||   128
       Ration            |       |       |     1 |       |     1 |     2 |     2 |     9 |     2 ||    17
Armor: Leather armour    |    11 |       |       |       |       |       |       |       |       ||    11
       Ring mail         |     7 |    23 |    56 |       |       |       |       |       |       ||    86
       Skin              |       |    26 |       |       |       |       |       |       |       ||    26
       Shadow dragon sca |       |       |    49 |   273 |   344 |   281 |   351 |   590 |   280 ||  2168
Dodge: Dodged            |    43 |    56 |   119 |   101 |   231 |   228 |   394 |   798 |   361 ||  2331
       Deflected         |       |       |       |       |       |       |       |    24 |    10 ||    34
Block: Shield            |       |       |       |   226 |   491 |   554 |   693 |  1225 |   396 ||  3585
       Buckler           |       |       |       |     7 |       |       |       |       |       ||     7

Table legend:
 A = Non-vault XP
 B = Vault XP
 C = Vault XP percentage of total XP
 D = Non-vault monster count
 E = Vault monster count
 F = Vault count percentage of total count
                 A         B        C        D         E       F
            +---------+---------+-------+---------+---------+-------
      Total |  555287 |  819746 |  59.6 |    1214 |     944 |  43.7
            +---------+---------+-------+---------+---------+-------
        D:1 |      44 |       0 |   0.0 |      24 |       0 |   0.0
        D:2 |      46 |       0 |   0.0 |       6 |       0 |   0.0
        D:3 |     114 |      36 |  24.0 |      20 |       1 |   4.8
        D:4 |     329 |       0 |   0.0 |      21 |       0 |   0.0
        D:5 |     451 |       0 |   0.0 |      13 |       0 |   0.0
        D:6 |     255 |      16 |   5.9 |      15 |       3 |  16.7
        D:7 |     717 |       0 |   0.0 |      22 |       0 |   0.0
        D:8 |    2658 |     389 |  12.8 |      23 |       1 |   4.2
        D:9 |    4107 |     205 |   4.8 |      36 |       1 |   2.7
       D:10 |    2691 |       0 |   0.0 |      27 |       0 |   0.0
       D:11 |    7335 |   16227 |  68.9 |      49 |      20 |  29.0
       D:12 |    3818 |       0 |   0.0 |      21 |       0 |   0.0
       D:13 |    6198 |    2798 |  31.1 |      19 |       3 |  13.6
       D:14 |    4673 |    3396 |  42.1 |      18 |      13 |  41.9
       D:15 |   14689 |    2923 |  16.6 |      38 |       4 |   9.5
     Lair:1 |    1697 |       0 |   0.0 |       9 |       0 |   0.0
     Lair:2 |    2631 |    1173 |  30.8 |      13 |      13 |  50.0
     Lair:3 |    2140 |       0 |   0.0 |      12 |       0 |   0.0
     Lair:4 |    4328 |     153 |   3.4 |      13 |       1 |   7.1
    Snake:1 |   12532 |    9979 |  44.3 |      25 |      17 |  40.5
    Snake:2 |    9872 |       0 |   0.0 |      23 |       0 |   0.0
    Snake:3 |   32907 |    2362 |   6.7 |      56 |       1 |   1.8
    Snake:4 |   17540 |   73820 |  80.8 |      28 |     107 |  79.3
      Orc:1 |     956 |       0 |   0.0 |       5 |       0 |   0.0
      Orc:2 |    2108 |    8478 |  80.1 |      14 |      55 |  79.7
      Elf:1 |   25263 |   10584 |  29.5 |      47 |      16 |  25.4
      Elf:2 |   16395 |   24530 |  59.9 |      26 |      35 |  57.4
      Elf:3 |    4572 |   39764 |  89.7 |       7 |      26 |  78.8
   Vaults:1 |   39312 |   19927 |  33.6 |      58 |      29 |  33.3
   Vaults:2 |   47248 |   29632 |  38.5 |      80 |      47 |  37.0
   Vaults:3 |   46373 |   36696 |  44.2 |      79 |      43 |  35.2
   Vaults:4 |   30019 |   25422 |  45.9 |      55 |      42 |  43.3
   Vaults:5 |   19381 |  130851 |  87.1 |      21 |      88 |  80.7
    Crypt:1 |   32543 |   42834 |  56.8 |      52 |      37 |  41.6
    Crypt:2 |   24099 |   53625 |  69.0 |      39 |      48 |  55.2
    Crypt:3 |       0 |   71973 | 100.0 |       0 |      77 | 100.0
     Tomb:1 |    4632 |   42246 |  90.1 |      21 |      35 |  62.5
     Tomb:2 |    7033 |   17313 |  71.1 |      14 |       9 |  39.1
   Depths:1 |   39503 |    8942 |  18.5 |      55 |      38 |  40.9
   Depths:2 |   21109 |   20753 |  49.6 |      26 |      19 |  42.2
   Depths:3 |       0 |   90114 | 100.0 |       0 |      93 | 100.0
   Depths:4 |   42053 |   17157 |  29.0 |      46 |      12 |  20.7
   Depths:5 |    9666 |   15428 |  61.5 |       9 |      10 |  52.6
    Abyss:2 |   11250 |       0 |   0.0 |      29 |       0 |   0.0
            +---------+---------+-------+---------+---------+-------
